 Dungeon Crawl Stone Soup version 0.25.0-41-g26779e291d (webtiles) character file.

Game seed: 7508795290740543135

312 KleinerIrrer the Shield-Bearer (level 6, -5/48 HPs)
             Began as a Formicid Fighter on July 10, 2020.
             Slain by a hornet zombie (9 damage)
             ... on level 3 of the Dungeon.
             The game lasted 00:03:58 (3590 turns).

KleinerIrrer the Shield-Bearer (Formicid Fighter)   Turns: 3590, Time: 00:03:59

Health: -5/48      AC:  7    Str: 23    XL:     6   Next: 70%
Magic:  6/6        EV:  9    Int:  7    God:
Gold:   107        SH: 10    Dex: 10    Spells: 5/5 levels left

rFire    . . .     SeeInvis +   a - +0 war axe
rCold    . . .     Gourm    .   c - +0 kite shield
rNeg     . . .     Faith    .   b - +0 scale mail
rPois    .         Spirit   .   (helmet unavailable)
rElec    .         Reflect  .   (no cloak)
rCorr    .         Harm     .   (no gloves)
MR       .....                  (no boots)
Stlth    ..........             (no amulet)
HPRegen  0.16/turn              (no ring)
MPRegen  0.10/turn              (no ring)

@: mighty, stab, flying
A: permanent stasis, dig shafts and tunnels, four strong arms, antennae 3
a: Dig, Shaft Self


You were on level 3 of the Dungeon.
You were not hungry.

You visited 1 branch of the dungeon, and saw 3 of its levels.

You collected 107 gold pieces.

Inventory:

Hand Weapons
 a - a +0 war axe (weapon)
Missiles
 l - 43 poisoned darts (quivered)
Armour
 b - a +0 scale mail (worn)
 c - a +0 kite shield (worn)
Jewellery
 j - an uncursed amulet of magic regeneration {unknown}
Scrolls
 e - a scroll of fog {unknown}
 i - a scroll of amnesia {unknown}
 k - 2 scrolls of teleportation {unknown}
 m - a scroll of magic mapping {unknown}
 p - a scroll of immolation {unknown}
Comestibles
 f - 7 rations


   Skills:
 + Level 4.1 Fighting
 + Level 4.3 Axes
 + Level 4.5 Armour
 + Level 1.2 Dodging
 + Level 4.9 Shields


You had 5 spell levels left.
You didn't know any spells.
Your spell library was empty.

Dungeon Overview and Level Annotations

Branches:
Dungeon (3/15)

Altars:


Innate Abilities, Weirdness & Mutations

You cannot be hasted, slowed, berserked, paralysed or teleported.
You can dig through walls and to a lower floor.
Your four strong arms can wield two-handed weapons with a shield.
You have a pair of large antennae on your head. (SInv)


Message History

The hornet zombie is severely damaged.
The hornet zombie hits you but does no damage.
You block the hornet zombie's attack.
You closely miss the hornet zombie.
The hornet zombie is severely damaged.
The hornet zombie hits you but does no damage.
The hornet zombie closely misses you.
You barely miss the hornet zombie.
The hornet zombie is severely damaged.
The hornet zombie completely misses you.
You closely miss the hornet zombie.
The hornet zombie is severely damaged.
The hornet zombie hits you but does no damage.
The hornet zombie hits you!
* * * LOW HITPOINT WARNING * * *
The giant cockroach zombie waves its antennae.
You slash the hornet zombie!
The hornet zombie is severely damaged.
The hornet zombie hits you!
You die...

#..........##.##.####
##.....######.....[.#
..........)....#.##.#
###...########.#.##.#
##.## #.#.##.# #.#
#.#.##.# #########
#.#.##.# #.#.#.#.#
#...(..# ###.....#.#
###@####
##.##$...'.#####Z#
#..#.!...'.Z##.#Z#
...##....'..#....#
...#.....#...Z...#
...#.#.#.#.##....#
#..###########.#.#
##.....# ###.##
##...## #..#


You could see a hornet zombie and a giant cockroach zombie.

Vanquished Creatures
  The ghost of mandick the Conjurer, an amateur OpCj (D:3)
  A worker ant (D:2)
  A hound skeleton (D:3)
  2 adders
  3 worms
  A leopard gecko (D:2)
  2 orcs (D:3)
  5 giant cockroaches
  6 hobgoblins
  10 jackals
  8 bats
  4 frilled lizards
  10 goblins
  9 kobolds
  5 rats
68 creatures vanquished.

Notes
Turn   | Place    | Note
-------+----------+-------------------------------------------
     0 | D:1      | KleinerIrrer the Formicid Fighter began the quest for the
                  | Orb.
     0 | D:1      | Reached XP level 1. HP: 18/18 MP: 1/1
   115 | D:1      | Reached XP level 2. HP: 24/24 MP: 2/2
  1109 | D:2      | Reached XP level 3. HP: 26/30 MP: 3/3
  1675 | D:2      | Reached XP level 4. HP: 31/37 MP: 4/4
  2651 | D:3      | Reached XP level 5. HP: 42/42 MP: 5/5
  2873 | D:3      | Found a runed translucent gate.
  2873 | D:3      | Found a runed translucent gate.
  2874 | D:3      | Found a runed translucent gate.
  2876 | D:3      | Noticed mandick's ghost (amateur OpCj)
  3377 | D:3      | Reached skill level 1 in Dodging
  3572 | D:3      | Killed mandick's ghost
  3572 | D:3      | Reached XP level 6. HP: 24/48 MP: 6/6
  3590 | D:3      | Slain by a hornet zombie

Illustrated notes

Levels and vault maps discovered:
D:1:      dpeg_arrival_more_subterranean_lakeside_camping, layout_loops_corners,
          chequers_serial_rivers_room_b
D:2:      layout_basic
D:3:      layout_loops_corners, gammafunk_ghost_necromancy, grunt_ministairs_1

Skill      XL: |  1  2  3  4  5 |
---------------+----------------+-----
Shields        | 4 |  4.9
Armour         | 4 |  4.5
Axes           | 3 4 |  4.3
Dodging        | 1 |  1.2
Fighting       | 4 |  4.1

Action                   |  1- 3 |  4- 6 || total
-------------------------+-------+-------++-------
Melee: War axe           |   103 |   165 ||   268
  Use: Scroll            |       |     2 ||     2
       Potion            |       |     5 ||     5
  Eat: Chunk             |     3 |     6 ||     9
Armor: Scale mail        |    54 |    67 ||   121
Dodge: Dodged            |    37 |    48 ||    85
Block: Kite shield       |    72 |    95 ||   167
